 Dungeon Crawl Stone Soup version 0.29.1 (webtiles) character file.

Game seed: 5390576592653942399

3610 Ordine the Grappler (level 9, -5/89 HPs)
             Began as a Troll Fighter on Sept 14, 2022.
             Was an Initiate of Wu Jian.
             Killed by divine providence
             ... invoked by an orc priest
              (9 damage)
             ... on level 8 of the Dungeon.
             The game lasted 00:17:42 (7074 turns).

Ordine the Grappler (Troll Fighter)                 Turns: 7074, Time: 00:17:43

Health: -5/89      AC:  5    Str: 26    XL:     9   Next: 86%
Magic:  8/8        EV:  9    Int:  8    God:    Wu Jian [......]
Gold:   405        SH: 13    Dex:  9    Spells: 8/8 levels left

rFire   . . .      SeeInvis .     - Unarmed
rCold   . . .      Faith    .   b - +0 kite shield
rNeg    . . .      Spirit   .   t - +1 robe "Piucyomi" {rPois rCorr}
rPois   +          Reflect  .   (helmet restricted)
rElec   .          Harm     .   z - scarf {repulsion}
rCorr   +          Rampage  .   (gloves unavailable)
Will    .....                   (boots unavailable)
Stlth   +.........              (no amulet)
HPRegen 1.04/turn               (no ring)
MPRegen 0.11/turn               (no ring)

@: mighty, repel missiles
A: large, unfitting armour, claws 3, regeneration 1, shaggy fur 1, tough skin 1,
large bone plates 1
a: Renounce Religion


You were on level 8 of the Dungeon.
You worshipped Wu Jian.
Wu Jian was noncommittal.
You visited 2 branches of the dungeon, and saw 9 of its levels.

You collected 405 gold pieces.

Inventory:

Missiles
 e - 2 atropa-tipped darts
 o - 27 poisoned darts (quivered)
 v - 2 throwing nets
 A - a curare-tipped dart
Armour
 b - a +0 kite shield (worn)
 t - the +1 robe "Piucyomi" (worn) {rPois rCorr}
   (You found it on level 4 of the Dungeon)

   rPois:     It protects you from poison.
   rCorr:     It protects you from acid and corrosion.
 z - a scarf of repulsion (worn)
Wands
 f - a wand of paralysis (5)
 j - a wand of quicksilver (12)
 u - a wand of roots (17)
 w - a wand of digging (6)
 y - a wand of flame (17)
Scrolls
 a - a scroll of blinking
 g - 4 scrolls of fear
 l - 5 scrolls of teleportation
 n - 2 scrolls of poison
 q - a scroll of immolation
 r - 3 scrolls of amnesia
 x - 2 scrolls of butterflies
Potions
 d - a potion of curing
 h - 3 potions of heal wounds {unknown}
 i - a potion of invisibility {unknown}
 k - a potion of flight {unknown}
 m - 3 potions of resistance
 p - 2 potions of haste {unknown}
 s - 2 potions of mutation {unknown}


   Skills:
 + Level 6.3 Fighting
 + Level 3.3 Dodging
 + Level 6.9 Shields
 * Level 10.1 Unarmed Combat


You had 8 spell levels left.
You didn't know any spells.
Your spell library contained the following spells:

 Spells                   Type           Power      Damage    Failure   Level
 Borgnjor's Revivificati  Necr           0%         N/A       100%        8
 Necromutation            Tmut/Necr      0%         N/A       100%        8
 Death's Door             Necr           0%         N/A       100%        9


Dungeon Overview and Level Annotations

Branches:
Dungeon (8/15)             Temple (1/1) D:4
   Lair: D:8-11

Altars:
Cheibriados
Elyvilon
Fedhas
Gozag
Hepliaklqana
Kikubaaqudgha
Makhleb
Nemelex Xobeh
Okawaru
Qazlal
Sif Muna
Trog
Uskayaw
Vehumet
Wu Jian
Xom
Yredelemnul
Zin
The Shining One


Innate Abilities, Weirdness & Mutations

You are too large for most types of armour.
You have claws for hands.
Your natural rate of healing is unusually fast.
You are covered in fur. (AC +1)
You have tough skin. (AC +1)
You are partially covered in large bone plates. (SH +4)


Message History

* * * LOW HITPOINT WARNING * * *
You're too confused to move!
You feel less confused.
The orc priest miscasts a cantrip.
The orc wizard casts a spell at you.
You easily resist.
The orc warrior barely misses you. You block the orc's attack.
Okay, then.
You feel very mighty all of a sudden. You block the orc priest's attack.
You block the orc wizard's attack. The orc hits you with a +0 flail.
The orc attacks as you move away! You block the orc's attack.
The orc priest closely misses you.
You claw the orc priest!
The orc priest is heavily wounded.
The orc priest calls down the wrath of Beogh upon you.
Beogh smites you!
* * * LOW HITPOINT WARNING * * *
The orc wizard barely misses you.
You barely miss the orc priest.
The orc priest is heavily wounded.
You block the orc priest's attack.
The orc wizard hits you with a +0 dagger.
* * * LOW HITPOINT WARNING * * *
The orc hits you with a +0 flail.
* * * LOW HITPOINT WARNING * * *
The orc attacks as you move away! You block the orc's attack.
The orc priest casts a cantrip, but nothing happens.
The orc attacks as you move away! The orc hits you but does no damage.
You barely miss the orc. You block the orc's attack. x2
You barely miss the orc. You claw the orc!
You kill the orc!
The Council accepts your kill.
The orc priest invokes the aid of Beogh against you.
Beogh smites you!
* * * LOW HITPOINT WARNING * * *
Unknown command.
The orc priest calls down the wrath of Beogh upon you.
Beogh smites you!
You die...

#...# #####.###.###
#...# #..##...#
#...#### ###.##.#.##
###.....##.....##..##
##....#.........#..#
....#....##...).#.#
..#....##.....#..
#.........≈≈..#.#
#.@##.?†..≈≈..#.#
#.o##.._........
#.)o.o........#.
#..o.....♣♣...#
##...≈≈..♣ ..##
#...≈≈.$....#
............ .
#####.....### #######


You could see an orc warrior, an orc priest and an orc.

Vanquished Creatures
  A two-headed ogre (D:7)
  A kobold demonologist (D:7)
  A slime creature (D:7)
  Sigmund (D:5)
  A yak (D:8)
  A water moccasin (D:5)
  2 ice beasts
  2 orc warriors
  A sky beast (D:7)
  A black bear (D:7)
  2 centaurs
  3 kobold brigands
  A phantom (D:6)
  4 bullfrogs
  3 scorpions
  3 killer bees (D:7)
  A howler monkey (D:6)
  An electric eel (D:8)
  3 jellies
  A gnoll bouda (D:7)
  2 hounds (D:5)
  2 iguanas
  3 orc wizards
  7 gnolls
  4 adders
  3 ufetubi
  5 worms
  2 dart slugs
  15 orcs
  3 ball pythons
  7 endoplasms
  6 giant cockroaches
  14 hobgoblins
  7 jackals
  6 quokkas
  5 bats
  3 frilled lizards (D:2)
  5 goblins
  19 kobolds
  A rat (D:3)
153 creatures vanquished.

Notes
Turn   | Place    | Note
-------+----------+-------------------------------------------
     0 | D:1      | Ordine the Troll Fighter began the quest for the Orb.
     0 | D:1      | Reached XP level 1. HP: 22/22 MP: 0/0
   133 | D:1      | Noticed a floating eye
   135 | D:1      | Noticed a golden eye
   137 | D:1      | Found a faded altar of an unknown god.
   139 | D:1      | Noticed a great orb of eyes
   139 | D:1      | Noticed a golden eye
   195 | D:1      | Reached XP level 2. HP: 29/29 MP: 1/1
   689 | D:2      | Reached XP level 3. HP: 34/36 MP: 2/2
   830 | D:2      | Reached skill level 3 in Unarmed Combat
  1131 | D:2      | Reached XP level 4. HP: 41/44 MP: 3/3
  2219 | D:3      | Reached skill level 4 in Unarmed Combat
  2219 | D:3      | Reached XP level 5. HP: 51/53 MP: 4/4
  2394 | D:4      | Identified the +1 robe "Piucyomi" {rPois rCorr}
  2606 | D:4      | Found a shimmering blue altar of Sif Muna.
  2646 | D:4      | Reached XP level 6. HP: 61/61 MP: 5/5
  2823 | D:4      | Found a staircase to the Ecumenical Temple.
  2835 | Temple   | Entered the Ecumenical Temple
  2975 | D:5      | Entered Level 5 of the Dungeon
  2975 | D:5      | Noticed Sigmund
  2985 | D:5      | Killed Sigmund
  2986 | D:5      | Reached skill level 5 in Unarmed Combat
  3007 | D:5      | Noticed an ice beast
  3067 | D:5      | Reached XP level 7. HP: 68/68 MP: 6/6
  3133 | D:5      | Reached skill level 6 in Unarmed Combat
  3143 | D:5      | Found a stormy altar of Qazlal.
  3241 | D:5      | Found a hazy altar of Hepliaklqana.
  4644 | D:6      | Reached XP level 8. HP: 40/79 MP: 7/7
  4701 | D:6      | Reached skill level 5 in Shields
  4830 | D:6      | Reached skill level 7 in Unarmed Combat
  5050 | D:7      | Reached skill level 5 in Fighting
  5287 | D:6      | Found an opulent altar of Gozag.
  5461 | D:6      | Reached skill level 8 in Unarmed Combat
  5706 | D:7      | Noticed a kobold demonologist
  5708 | D:7      | Noticed a sixfirhy
  5716 | D:7      | Gained mutation: You are partially covered in large bone
                  | plates. (SH +4) [a neqoxec]
  5718 | D:7      | Killed a kobold demonologist
  5752 | D:7      | Noticed a two-headed ogre
  5761 | D:7      | Killed a two-headed ogre
  5762 | D:7      | Reached skill level 9 in Unarmed Combat
  5762 | D:7      | Reached XP level 9. HP: 34/89 MP: 8/8
  6432 | D:6      | Found a blossoming altar of Fedhas.
  6727 | D:8      | Reached skill level 10 in Unarmed Combat
  6831 | D:8      | Found a white marble altar of Elyvilon.
  7047 | D:8      | Found an ornate altar of the Wu Jian Council.
  7056 | D:8      | Became a worshipper of the Wu Jian Council
  7073 | D:8      | HP: 3/89 [orc priest/divine providence (15)]
  7074 | D:8      | Killed from afar by an orc priest

Illustrated notes

Levels and vault maps discovered:
D:1:      dpeg_arrival_signposts, layout_rooms,
          hellmonk_ecumenical_altar_watching_god
D:2:      layout_loops_corners
D:3:      layout_basic
D:4:      layout_cave_pools, mainiacjoe_overflow_six_doors_small,
          minmay_temple_entry_enclosed_plants
D:5:      layout_basic, lemuel_doored_altar, mainiacjoe_overflow_alcove_1,
          serial_glass, glass_columns_b, glass_columns_c, uniq_sigmund
D:6:      cheibrodos_thug_alley, layout_cave_pools, nicolae_gozag_seed_capital,
          nicolae_overflow_hidden_temple
D:7:      layout_loops_ring, wad_mini_maze
D:8:      layout_basic, old_standard_altar, nicolae_wu_jian_wuxing_cycle,
          serial_bayou_pond_b, st_stairs_5
Temple:   nicolae_temple_hex_pool

Skill      XL: |  1  2  3  4  5  6  7  8  9 |
---------------+----------------------------+-----
Shields        | 3 4 6 |  6.9
Unarmed Combat | 3 4 5 6 9 10 | 10.1
Fighting       | 3 4 5 6 |  6.3
Dodging        | 3 |  3.3

Action                   |  1- 3 |  4- 6 |  7- 9 || total
-------------------------+-------+-------+-------++-------
Melee: Unarmed           |   122 |   165 |   196 ||   483
  Use: Scroll            |       |     3 |     7 ||    10
       Potion            |       |       |     2 ||     2
Armor: Robe              |    28 |    61 |    85 ||   174
Dodge: Dodged            |    42 |    61 |    72 ||   175
Block: Kite shield       |    39 |    72 |   125 ||   236
